Avalanche vs Nordiques
(R1)
Created - 3 novembre 2012 at 21:15
Simulating a Pre-Season
Goals
|
| Avalanche |
0 |
2 |
0 |
2 |
| Nordiques |
0 |
2 |
1 |
3 |
|
Shots
|
| Avalanche |
11 |
5 |
4 |
20 |
| Nordiques |
5 |
17 |
3 |
25 |
|
1st period
No Goal
Penalties :
Jeremy Roenick (Col) for Interference (Minor) at 3:16, Scott Hannan (Col) for Interference (Minor) at 8:28, Chris Phillips (Que) for Delaying the game (Minor) at 11:09
2nd period
1. Nordiques , Maxim Afinogenov 1 (Saku Koivu) at 14:00
2. Avalanche , Jarkko Ruutu 1 (Rod Brind'Amour) at 16:36
3. Nordiques , Maxim Afinogenov 2 (Saku Koivu, Dany Heatley) at 16:50 (PP)
4. Avalanche , Frantisek Kaberle 1 (Scott Hannan, Martin Lapointe) at 19:47
Penalties :
Maxim Afinogenov (Que) for Holding (Minor) at 1:46, Jeremy Roenick (Col) for Hooking (Minor) at 6:17, Danny Richmond (Que) for Slashing (Minor) at 8:00, Mike Comrie (Col) for Roughing (Minor) at 16:40
3rd period
5. Nordiques , Matt Pettinger 1 (Dany Heatley, Maxim Afinogenov) at 13:46
Penalties :
Saku Koivu (Que) for Hooking (Minor) at 0:10, Jason Pominville (Col) for Roughing (Minor) at 3:05, Dany Heatley (Que) for High sticking (Minor) at 10:12, Rostislav Olesz (Col) for Interference (Minor) at 14:13, Mike Rathje (Col) for Goalie Interference (Minor) at 17:37
Goalie Stats
Antti Niemi (Col), 22 saves from 25 shots - (0,880), L, 1-2-0, 59:41 minutes
John Grahame (Que), 18 saves from 20 shots - (0,900), W, 1-1-0, 60:00 minutes
Players Stats for Avalanche
Player Name G A P +/- PIM S H SB GA TA FO MP PP MP PK MP
------------------------------------------------------------------------------------
Bobby Ryan 0 0 0 -2 0 1 1 0 0 0 0/0 13:49 4:32 0:00
Chuck Kobasew 0 0 0 1 0 2 0 0 0 1 1/2 14:37 0:23 3:47
Curtis Glencross 0 0 0 1 0 0 0 0 0 0 0/0 6:43 0:00 1:10
Éric Perrin 0 0 0 1 0 0 0 0 0 0 4/6 10:47 4:32 0:04
Frantisek Kaberle 1 0 1 0 0 2 2 0 0 0 0/0 19:56 5:10 0:19
Jack Johnson 0 0 0 0 0 0 0 0 0 1 0/0 22:37 5:14 4:15
Jarkko Ruutu 1 0 1 1 0 1 0 1 1 0 0/0 14:41 0:27 3:47
Jason Pominville 0 0 0 0 2 0 2 0 1 0 0/0 16:03 4:18 0:00
Jeremy Roenick 0 0 0 -2 4 3 1 0 0 0 8/16 16:07 4:55 0:00
Marc Staal 0 0 0 0 0 3 0 0 0 4 0/0 20:20 0:12 7:23
Martin Lapointe 0 1 1 1 0 1 0 0 1 2 0/0 13:23 0:00 6:30
Mike Comrie 0 0 0 0 2 1 3 1 0 0 7/18 16:05 3:51 0:00
Mike Rathje 0 0 0 0 2 0 0 1 0 1 0/0 14:19 0:00 3:15
Ossi Vaananen 0 0 0 0 0 1 0 1 0 0 0/0 19:34 0:38 7:33
Rod Brind'Amour 0 1 1 1 0 1 1 3 0 0 5/12 18:36 0:58 6:27
Rostislav Olesz 0 0 0 -2 2 0 3 0 0 0 0/0 13:48 4:32 0:00
Ryan Smyth 0 0 0 0 0 3 4 1 2 0 0/2 18:26 4:20 1:51
Scott Hannan 0 1 1 0 2 1 0 3 1 0 0/0 17:58 4:13 0:51
Players Stats for Nordiques
Player Name G A P +/- PIM S H SB GA TA FO MP PP MP PK MP
------------------------------------------------------------------------------------
Alexei Ponikarovsky 0 0 0 0 0 0 0 0 0 0 0/0 9:39 0:08 2:42
Chris Phillips 0 0 0 -1 2 1 2 1 1 0 0/0 22:46 6:54 0:36
Cory Sarich 0 0 0 0 0 0 1 4 2 0 0/0 13:44 0:00 1:00
Danny Richmond 0 0 0 -1 2 2 2 1 1 2 0/0 25:35 6:53 4:39
Dany Heatley 0 2 2 1 2 3 2 1 0 1 1/2 22:18 6:31 3:54
Dave Scatchard 0 0 0 0 0 0 0 0 0 0 1/3 8:24 0:05 1:44
Ian Moran 0 0 0 0 0 0 1 0 1 0 0/0 16:34 0:00 5:39
Jiri Slegr 0 0 0 1 0 2 1 1 0 0 0/0 20:21 4:54 3:24
Kris Vernarsky 0 0 0 0 0 1 1 0 1 0 1/2 12:48 0:00 2:22
Lubomir Visnovsky 0 0 0 1 0 0 0 2 0 0 0/0 21:13 4:54 4:00
Matt Pettinger 1 0 1 0 0 2 0 0 0 0 0/0 10:45 0:00 0:18
Mattias Weinhandl 0 0 0 0 0 0 0 1 0 0 0/0 6:24 0:08 0:00
Maxim Afinogenov 2 1 3 1 2 5 3 0 0 0 0/1 18:50 6:31 1:03
Mike Cammalleri 0 0 0 -1 0 0 1 0 0 0 0/0 15:09 5:09 0:18
Rene Bourque 0 0 0 -1 0 0 4 0 1 1 1/1 18:09 5:09 3:04
Saku Koivu 0 2 2 1 2 1 3 1 1 0 20/34 22:03 6:34 3:53
Stephen Weiss 0 0 0 -1 0 3 0 0 1 2 6/11 14:52 5:09 0:00
Valeri Bure 0 0 0 0 0 5 2 0 0 0 1/2 10:26 0:00 0:00
3 Stars
1 - Maxim Afinogenov (Que)
2 - Jarkko Ruutu (Col)
3 - Saku Koivu (Que)
Power Play
Avalanche - 0 on 5 Attempt(s) - 0,00%
Nordiques - 1 on 7 Attempt(s) - 14,29%
Penalty Kill
Avalanche - 6 on 7 Attempt(s) - 85,71%
- Score 0 goal in Penalty Kill
Nordiques - 5 on 5 Attempt(s) - 100,00%
- Score 0 goal in Penalty Kill
Official
Referees : Kowal Tom and Kozari Steve
Linesman : Jonny Murray and Scott Cherrey
Game Notes
No Game Note
Avalanche
5 vs 5 Forward
Center Left Wing Right Wing Time % Phy DF OF
1 Mike Comrie Ryan Smyth Jason Pominville 40 1 2 2
2 Jeremy Roenick Rostislav Olesz Bobby Ryan 30 1 2 2
3 Rod Brind'Amour Jarkko Ruutu Chuck Kobasew 20 1 2 2
4 Éric Perrin Curtis Glencross Martin Lapointe 10 1 2 2
5 vs 5 Defense
Defense Defense Time % Phy DF OF
1 Jack Johnson Marc Staal 35 1 2 2
2 Frantisek Kaberle Scott Hannan 35 1 2 2
3 Ossi Vaananen Mike Rathje 30 1 2 2
4 Frantisek Kaberle Jack Johnson 0 1 2 2
PowerPlay Forward
Center Left Wing Right Wing Time % Phy DF OF
1 Jeremy Roenick Ryan Smyth Jason Pominville 60 0 2 3
2 Éric Perrin Rostislav Olesz Bobby Ryan 40 0 2 3
PowerPlay Defense
Defense Defense Time % Phy DF OF
1 Jack Johnson Frantisek Kaberle 60 1 2 2
2 Mike Comrie Scott Hannan 40 1 2 2
Penalty Kill 4 Players Forward
Center Wing Time % Phy DF OF
1 Rod Brind'Amour Martin Lapointe 60 1 3 1
2 Chuck Kobasew Jarkko Ruutu 40 1 3 1
Penalty Kill 4 Players Defense
Defense Defense Time % Phy DF OF
1 Marc Staal Ossi Vaananen 60 1 3 1
2 Mike Rathje Jack Johnson 40 1 3 1
Penalty Kill - 3 Players Forward
Forward Time % Phy DF OF
1 Jeremy Roenick 60 1 3 1
2 Rod Brind'Amour 40 1 3 1
Penalty Kill - 3 Players Defense
Defense Defense Time % Phy DF OF
1 Marc Staal Ossi Vaananen 60 1 3 1
2 Jack Johnson Scott Hannan 40 1 3 1
4 vs 4 Forward
Center Wing Time % Phy DF OF
1 Rod Brind'Amour Ryan Smyth 60 1 2 2
2 Jeremy Roenick Jason Pominville 40 1 2 2
4 vs 4 Defense
Defense Defense Time % Phy DF OF
1 Frantisek Kaberle Marc Staal 60 1 2 2
2 Jack Johnson Ossi Vaananen 40 1 2 2
Last Minutes Offensive
Center Left Wing Right Wing Defense Defense
Jeremy Roenick Ryan Smyth Jason Pominville Frantisek Kaberle Jack Johnson
Last Minutes Defensive
Center Left Wing Right Wing Defense Defense
Rod Brind'Amour Jarkko Ruutu Martin Lapointe Marc Staal Ossi Vaananen
Goaltenders
Starting : Antti Niemi
Backup : Patrick Lalime
Extra Forwards
Normal : Jeremy Roenick, Ryan Smyth, Jason Pominville - PP : Rod Brind'Amour, Jarkko Ruutu - PK : Ryan Smyth
Extra Defensemen
Normal : Marc Staal, Frantisek Kaberle, Jack Johnson - PP : Ossi Vaananen - PK : Scott Hannan, Frantisek Kaberle
Penalty Shots
Ryan Smyth, Mike Comrie, Bobby Ryan, Rod Brind'Amour, Jeremy Roenick
Nordiques
5 vs 5 Forward
Center Left Wing Right Wing Time % Phy DF OF
1 Saku Koivu Dany Heatley Maxim Afinogenov 40 1 1 3
2 Stephen Weiss Mike Cammalleri Rene Bourque 30 1 1 3
3 Kris Vernarsky Matt Pettinger Valeri Bure 20 1 3 1
4 Dave Scatchard Alexei Ponikarovsky Mattias Weinhandl 10 1 2 2
5 vs 5 Defense
Defense Defense Time % Phy DF OF
1 Chris Phillips Danny Richmond 40 1 1 3
2 Lubomir Visnovsky Jiri Slegr 30 1 1 3
3 Cory Sarich Ian Moran 20 1 3 1
4 Chris Phillips Danny Richmond 10 1 2 2
PowerPlay Forward
Center Left Wing Right Wing Time % Phy DF OF
1 Saku Koivu Dany Heatley Maxim Afinogenov 60 1 0 4
2 Stephen Weiss Mike Cammalleri Rene Bourque 40 1 0 4
PowerPlay Defense
Defense Defense Time % Phy DF OF
1 Chris Phillips Danny Richmond 60 1 1 3
2 Lubomir Visnovsky Jiri Slegr 40 1 1 3
Penalty Kill 4 Players Forward
Center Wing Time % Phy DF OF
1 Saku Koivu Dany Heatley 60 1 3 1
2 Kris Vernarsky Maxim Afinogenov 40 1 3 1
Penalty Kill 4 Players Defense
Defense Defense Time % Phy DF OF
1 Danny Richmond Ian Moran 60 1 4 0
2 Jiri Slegr Lubomir Visnovsky 40 1 4 0
Penalty Kill - 3 Players Forward
Forward Time % Phy DF OF
1 Dany Heatley 60 1 3 1
2 Maxim Afinogenov 40 1 3 1
Penalty Kill - 3 Players Defense
Defense Defense Time % Phy DF OF
1 Danny Richmond Ian Moran 60 1 4 0
2 Lubomir Visnovsky Jiri Slegr 40 1 4 0
4 vs 4 Forward
Center Wing Time % Phy DF OF
1 Saku Koivu Dany Heatley 60 1 1 3
2 Stephen Weiss Maxim Afinogenov 40 1 1 3
4 vs 4 Defense
Defense Defense Time % Phy DF OF
1 Chris Phillips Lubomir Visnovsky 60 1 2 2
2 Danny Richmond Jiri Slegr 40 1 2 2
Last Minutes Offensive
Center Left Wing Right Wing Defense Defense
Saku Koivu Dany Heatley Maxim Afinogenov Chris Phillips Lubomir Visnovsky
Last Minutes Defensive
Center Left Wing Right Wing Defense Defense
Saku Koivu Dany Heatley Maxim Afinogenov Danny Richmond Ian Moran
Goaltenders
Starting : John Grahame
Backup : Roberto Luongo
Extra Forwards
Normal : Stephen Weiss, Dany Heatley, Maxim Afinogenov - PP : Stephen Weiss, Dany Heatley - PK : Rene Bourque
Extra Defensemen
Normal : Danny Richmond, Chris Phillips, Lubomir Visnovsky - PP : Cory Sarich - PK : Chris Phillips, Danny Richmond
Penalty Shots
Maxim Afinogenov, Dany Heatley, Mike Cammalleri, Lubomir Visnovsky, Rene Bourque
% Time on Ice - Avalanche
Lines # - Real PCT - Wanted PCT - Time Play
Normal Forward
1 - 35% - 40% - 13:27
2 - 25% - 30% - 9:24
3 - 25% - 20% - 9:31
4 - 15% - 10% - 5:33
Normal Defense
1 - 34% - 35% - 12:55
2 - 35% - 35% - 13:25
3 - 28% - 30% - 10:26
4 - 3% - 0% - 1:09
PP Forward
1 - 53% - 60% - 5:07
2 - 47% - 40% - 4:32
PP Defense
1 - 56% - 60% - 5:26
2 - 44% - 40% - 4:13
PK Forward
1 - 68% - 60% - 8:01
2 - 32% - 40% - 3:47
PK Defense
1 - 64% - 60% - 7:33
2 - 36% - 40% - 4:15
PK3 Forward
1 - 0% - 60%
2 - 0% - 40%
PK3 Defense
1 - 0% - 60%
2 - 0% - 40%
44 Forward
1 - 100% - 60% - 0:16
2 - 0% - 40% - 0:00
44 Defense
1 - 100% - 60% - 0:16
2 - 0% - 40% - 0:00
Last Minute Offensive - 0:22
Last Minute Defensive - 0:00
Total
Forward - 60:00
Defense - 60:00
|
% Time on Ice - Nordiques
Lines # - Real PCT - Wanted PCT - Time Play
Normal Forward
1 - 32% - 40% - 12:04
2 - 26% - 30% - 9:47
3 - 27% - 20% - 10:26
4 - 15% - 10% - 5:54
Normal Defense
1 - 41% - 40% - 15:31
2 - 32% - 30% - 12:03
3 - 28% - 20% - 10:37
4 - 0% - 10% - 0:00
PP Forward
1 - 56% - 60% - 6:39
2 - 44% - 40% - 5:09
PP Defense
1 - 58% - 60% - 6:54
2 - 42% - 40% - 4:54
PK Forward
1 - 81% - 60% - 7:50
2 - 19% - 40% - 1:49
PK Defense
1 - 65% - 60% - 6:15
2 - 35% - 40% - 3:24
PK3 Forward
1 - 0% - 60%
2 - 0% - 40%
PK3 Defense
1 - 0% - 60%
2 - 0% - 40%
44 Forward
1 - 100% - 60% - 0:16
2 - 0% - 40% - 0:00
44 Defense
1 - 100% - 60% - 0:16
2 - 0% - 40% - 0:00
Last Minute Offensive - 0:00
Last Minute Defensive - 0:06
Total
Forward - 60:00
Defense - 60:00
|
Play by Play
1st period
0:01 of 1st period - Mike Comrie wins face-off versus Dany Heatley in neutral zone.
2:21 of 1st period - Wrist shot by Matt Pettinger.
2:21 of 1st period - Shot Misses the Net.
2:55 of 1st period - Snap shot by Ryan Smyth.
2:55 of 1st period - Shot Blocked by Chris Phillips.
2:59 of 1st period - Wrist shot by Ryan Smyth.
2:59 of 1st period - Deflect By Mike Comrie.
2:59 of 1st period - Shot Misses the Net.
2:59 of 1st period - Puck is out of play.
3:00 of 1st period - Saku Koivu wins face-off versus Mike Comrie in Nordiques zone.
3:00 of 1st period - Saku Koivu is hit by Jason Pominville.
3:05 of 1st period - Icing by Dany Heatley.
3:06 of 1st period - Jeremy Roenick wins face-off versus Saku Koivu in Nordiques zone.
3:16 of 1st period - Minor Penalty to Jeremy Roenick for Interference.
3:17 of 1st period - Rod Brind'Amour wins face-off versus Saku Koivu in Avalanche zone.
3:42 of 1st period - Jarkko Ruutu is hit by Chris Phillips and loses puck.
3:54 of 1st period - Slapshot by Jiri Slegr.
3:54 of 1st period - Deflect By Rene Bourque.
3:54 of 1st period - Shot Misses the Net.
3:54 of 1st period - Puck is out of play.
3:55 of 1st period - Rod Brind'Amour wins face-off versus Saku Koivu in Avalanche zone.
4:08 of 1st period - Wrist shot by Dany Heatley.
4:08 of 1st period - Deflect By Martin Lapointe.
4:08 of 1st period - Shot Blocked by Rod Brind'Amour.
4:08 of 1st period - Puck is out of play.
4:09 of 1st period - Saku Koivu wins face-off versus Rod Brind'Amour in Avalanche zone.
4:10 of 1st period - Wrist shot by Dany Heatley.
4:10 of 1st period - Deflect By Maxim Afinogenov.
4:10 of 1st period - Stopped by Antti Niemi without a rebound.
4:11 of 1st period - Dany Heatley wins face-off versus Rod Brind'Amour in Avalanche zone.
4:20 of 1st period - Danny Richmond is hit by Rod Brind'Amour and loses puck.
5:16 of 1st period - Penalty to Jeremy Roenick is over, Jeremy Roenick is back on ice.
5:23 of 1st period - Snap shot by Martin Lapointe.
5:23 of 1st period - Shot Misses the Net.
5:25 of 1st period - Wrist shot by Ossi Vaananen.
5:25 of 1st period - Shot Misses the Net.
5:27 of 1st period - Snap shot by Rod Brind'Amour.
5:27 of 1st period - Shot Misses the Net.
5:29 of 1st period - Slapshot by Marc Staal.
5:29 of 1st period - Stopped by John Grahame with a rebound.
5:47 of 1st period - Snap shot by Martin Lapointe.
5:47 of 1st period - Shot Blocked by Lubomir Visnovsky.
5:49 of 1st period - Snap shot by Martin Lapointe.
5:49 of 1st period - Stopped by John Grahame with a rebound.
5:51 of 1st period - Wrist shot by Marc Staal.
5:51 of 1st period - Shot Blocked by Jiri Slegr.
5:53 of 1st period - Slapshot by Marc Staal.
5:53 of 1st period - Stopped by John Grahame with a rebound.
5:55 of 1st period - Slapshot by Ossi Vaananen.
5:55 of 1st period - Stopped by John Grahame with a rebound.
6:05 of 1st period - Wrist shot by Martin Lapointe.
6:05 of 1st period - Shot Misses the Net.
6:27 of 1st period - Slapshot by Jeremy Roenick.
6:27 of 1st period - Stopped by John Grahame with a rebound.
6:29 of 1st period - Slapshot by Rod Brind'Amour.
6:29 of 1st period - Stopped by John Grahame without a rebound.
6:30 of 1st period - Mike Comrie wins face-off versus Stephen Weiss in Nordiques zone.
6:45 of 1st period - Snap shot by Jason Pominville.
6:45 of 1st period - Shot Misses the Net.
6:55 of 1st period - Matt Pettinger is hit by Frantisek Kaberle and loses puck.
7:02 of 1st period - Wrist shot by Éric Perrin.
7:02 of 1st period - Shot Misses the Net.
7:19 of 1st period - Off-side.
7:20 of 1st period - Dave Scatchard wins face-off versus Éric Perrin in neutral zone.
7:27 of 1st period - Snap shot by Alexei Ponikarovsky.
7:27 of 1st period - Shot Blocked by Jarkko Ruutu.
7:53 of 1st period - Off-side.
7:54 of 1st period - Stephen Weiss wins face-off versus Jeremy Roenick in neutral zone.
8:09 of 1st period - Slapshot by Stephen Weiss.
8:09 of 1st period - Shot Blocked by Mike Rathje.
8:19 of 1st period - Wrist shot by Valeri Bure.
8:19 of 1st period - Stopped by Antti Niemi with a rebound.
8:25 of 1st period - Slapshot by Mike Comrie.
8:25 of 1st period - Stopped by John Grahame without a rebound.
8:26 of 1st period - Saku Koivu wins face-off versus Mike Comrie in Nordiques zone.
8:28 of 1st period - Minor Penalty to Scott Hannan for Interference.
8:29 of 1st period - Rod Brind'Amour wins face-off versus Saku Koivu in Avalanche zone.
8:44 of 1st period - Wrist shot by Maxim Afinogenov.
8:44 of 1st period - Shot Misses the Net.
9:45 of 1st period - Snap shot by Chuck Kobasew.
9:45 of 1st period - Stopped by John Grahame with a rebound.
9:47 of 1st period - Slapshot by Chuck Kobasew.
9:47 of 1st period - Shot Misses the Net.
10:28 of 1st period - Penalty to Scott Hannan is over, Scott Hannan is back on ice.
10:39 of 1st period - Snap shot by Bobby Ryan.
10:39 of 1st period - Shot Blocked by Cory Sarich.
10:41 of 1st period - Snap shot by Jeremy Roenick.
10:41 of 1st period - Stopped by John Grahame without a rebound.
10:42 of 1st period - Valeri Bure wins face-off versus Jeremy Roenick in Nordiques zone.
10:54 of 1st period - Snap shot by Bobby Ryan.
10:54 of 1st period - Stopped by John Grahame without a rebound.
10:55 of 1st period - Jeremy Roenick wins face-off versus Saku Koivu in Nordiques zone.
11:09 of 1st period - Minor Penalty to Chris Phillips for Delaying the game.
11:10 of 1st period - Saku Koivu wins face-off versus Jeremy Roenick in Nordiques zone.
11:10 of 1st period - Saku Koivu is hit by Ryan Smyth.
11:39 of 1st period - Off-side.
11:40 of 1st period - Saku Koivu wins face-off versus Éric Perrin in neutral zone.
11:59 of 1st period - Snap shot by Ryan Smyth.
11:59 of 1st period - Stopped by John Grahame with a rebound.
13:09 of 1st period - Penalty to Chris Phillips is over, Chris Phillips is back on ice.
13:24 of 1st period - Mike Comrie is hit by Valeri Bure and loses puck.
13:47 of 1st period - Ossi Vaananen is hit by Rene Bourque and loses puck.
14:07 of 1st period - Slapshot by Chris Phillips.
14:07 of 1st period - Shot Misses the Net.
14:49 of 1st period - Slapshot by Mike Cammalleri.
14:49 of 1st period - Shot Blocked by Ossi Vaananen.
15:37 of 1st period - Rod Brind'Amour is hit by Rene Bourque.
16:03 of 1st period - Ossi Vaananen is hit by Saku Koivu and loses puck.
16:29 of 1st period - Jason Pominville is hit by Chris Phillips and loses puck.
18:02 of 1st period - Slapshot by Jiri Slegr.
18:02 of 1st period - Deflect By Valeri Bure.
18:02 of 1st period - Stopped by Antti Niemi with a rebound.
19:10 of 1st period - Snap shot by Valeri Bure.
19:10 of 1st period - Stopped by Antti Niemi with a rebound.
19:12 of 1st period - Slapshot by Danny Richmond.
19:12 of 1st period - Stopped by Antti Niemi without a rebound.
19:13 of 1st period - Saku Koivu wins face-off versus Jeremy Roenick in Avalanche zone.
19:22 of 1st period - Bobby Ryan is hit by Saku Koivu and loses puck.
19:27 of 1st period - Wrist shot by Dany Heatley.
19:27 of 1st period - Shot Blocked by Scott Hannan.
19:29 of 1st period - Slapshot by Jiri Slegr.
19:29 of 1st period - Shot Misses the Net.
19:39 of 1st period - Rene Bourque is hit by Ryan Smyth and loses puck.
2nd period
0:01 of 2nd period - Saku Koivu wins face-off versus Mike Comrie in neutral zone.
0:27 of 2nd period - Jeremy Roenick is hit by Danny Richmond.
1:29 of 2nd period - Icing by Jason Pominville.
1:30 of 2nd period - Saku Koivu wins face-off versus Mike Comrie in Avalanche zone.
1:33 of 2nd period - Snap shot by Dany Heatley.
1:33 of 2nd period - Stopped by Antti Niemi without a rebound.
1:34 of 2nd period - Saku Koivu wins face-off versus Mike Comrie in Avalanche zone.
1:43 of 2nd period - Snap shot by Maxim Afinogenov.
1:43 of 2nd period - Shot Blocked by Mike Comrie.
1:46 of 2nd period - Minor Penalty to Maxim Afinogenov for Holding.
1:47 of 2nd period - Saku Koivu wins face-off versus Jeremy Roenick in Nordiques zone.
3:20 of 2nd period - Danny Richmond is hit by Mike Comrie and loses puck.
3:46 of 2nd period - Penalty to Maxim Afinogenov is over, Maxim Afinogenov is back on ice.
4:10 of 2nd period - Mike Comrie is hit by Cory Sarich.
4:24 of 2nd period - Snap shot by Jarkko Ruutu.
4:24 of 2nd period - Shot Blocked by Cory Sarich.
4:34 of 2nd period - Snap shot by Chuck Kobasew.
4:34 of 2nd period - Stopped by John Grahame without a rebound.
4:35 of 2nd period - Éric Perrin wins face-off versus Kris Vernarsky in Nordiques zone.
5:01 of 2nd period - Jack Johnson is hit by Dany Heatley.
5:22 of 2nd period - Off-side.
5:23 of 2nd period - Éric Perrin wins face-off versus Dave Scatchard in neutral zone.
6:16 of 2nd period - Wrist shot by Mattias Weinhandl.
6:16 of 2nd period - Shot Misses the Net.
6:17 of 2nd period - Minor Penalty to Jeremy Roenick for Hooking.
6:18 of 2nd period - Saku Koivu wins face-off versus Rod Brind'Amour in Avalanche zone.
7:23 of 2nd period - Snap shot by Stephen Weiss.
7:23 of 2nd period - Stopped by Antti Niemi without a rebound.
7:24 of 2nd period - Stephen Weiss wins face-off versus Chuck Kobasew in Avalanche zone.
8:00 of 2nd period - Minor Penalty to Danny Richmond for Slashing.
8:01 of 2nd period - Saku Koivu wins face-off versus Rod Brind'Amour in Nordiques zone.
8:08 of 2nd period - Backhand shot by Dany Heatley.
8:08 of 2nd period - Shot Misses the Net.
8:17 of 2nd period - Penalty to Jeremy Roenick is over, Jeremy Roenick is back on ice.
8:34 of 2nd period - Dany Heatley is hit by Rostislav Olesz and loses puck.
8:45 of 2nd period - Wrist shot by Rostislav Olesz.
8:45 of 2nd period - Shot Blocked by Lubomir Visnovsky.
8:59 of 2nd period - Jason Pominville is hit by Ian Moran and loses puck.
10:00 of 2nd period - Penalty to Danny Richmond is over, Danny Richmond is back on ice.
10:10 of 2nd period - Wrist shot by Valeri Bure.
10:10 of 2nd period - Stopped by Antti Niemi without a rebound.
10:11 of 2nd period - Kris Vernarsky wins face-off versus Rod Brind'Amour in Avalanche zone.
10:12 of 2nd period - Slapshot by Valeri Bure.
10:12 of 2nd period - Stopped by Antti Niemi with a rebound.
10:14 of 2nd period - Backhand shot by Chris Phillips.
10:14 of 2nd period - Stopped by Antti Niemi with a rebound.
10:16 of 2nd period - Slapshot by Chris Phillips.
10:16 of 2nd period - Shot Misses the Net.
11:14 of 2nd period - Wrist shot by Mike Comrie.
11:14 of 2nd period - Shot Blocked by Saku Koivu.
11:16 of 2nd period - Snap shot by Ossi Vaananen.
11:16 of 2nd period - Shot Blocked by Dany Heatley.
12:07 of 2nd period - Slapshot by Jack Johnson.
12:07 of 2nd period - Deflect By Mike Comrie.
12:07 of 2nd period - Shot Blocked by Cory Sarich.
12:07 of 2nd period - Puck is out of play.
12:08 of 2nd period - Stephen Weiss wins face-off versus Mike Comrie in Nordiques zone.
12:08 of 2nd period - Danny Richmond is hit by Frantisek Kaberle and loses puck.
12:23 of 2nd period - Wrist shot by Stephen Weiss.
12:23 of 2nd period - Stopped by Antti Niemi with a rebound.
12:25 of 2nd period - Wrist shot by Chris Phillips.
12:25 of 2nd period - Shot Misses the Net.
12:27 of 2nd period - Backhand shot by Stephen Weiss.
12:27 of 2nd period - Stopped by Antti Niemi without a rebound.
12:28 of 2nd period - Saku Koivu wins face-off versus Jeremy Roenick in Avalanche zone.
12:29 of 2nd period - Snap shot by Maxim Afinogenov.
12:29 of 2nd period - Shot Misses the Net.
12:31 of 2nd period - Slapshot by Jiri Slegr.
12:31 of 2nd period - Stopped by Antti Niemi with a rebound.
12:33 of 2nd period - Wrist shot by Jiri Slegr.
12:33 of 2nd period - Stopped by Antti Niemi without a rebound.
12:34 of 2nd period - Jeremy Roenick wins face-off versus Saku Koivu in Avalanche zone.
12:34 of 2nd period - Jeremy Roenick is hit by Jiri Slegr.
13:05 of 2nd period - Slapshot by Dany Heatley.
13:05 of 2nd period - Stopped by Antti Niemi without a rebound.
13:06 of 2nd period - Stephen Weiss wins face-off versus Rod Brind'Amour in Avalanche zone.
13:19 of 2nd period - Wrist shot by Stephen Weiss.
13:19 of 2nd period - Shot Misses the Net.
13:21 of 2nd period - Wrist shot by Mike Cammalleri.
13:21 of 2nd period - Shot Misses the Net.
13:58 of 2nd period - Snap shot by Maxim Afinogenov.
13:58 of 2nd period - Stopped by Antti Niemi without a rebound.
13:59 of 2nd period - Saku Koivu wins face-off versus Jeremy Roenick in Avalanche zone.
14:00 of 2nd period - Wrist shot by Maxim Afinogenov.
14:00 of 2nd period - Goal by Maxim Afinogenov - Avalanche : 0 - Nordiques : 1.
14:01 of 2nd period - Saku Koivu wins face-off versus Mike Comrie in neutral zone.
14:53 of 2nd period - Rod Brind'Amour is hit by Kris Vernarsky.
15:56 of 2nd period - Snap shot by Stephen Weiss.
15:56 of 2nd period - Shot Misses the Net.
16:12 of 2nd period - Wrist shot by Chuck Kobasew.
16:12 of 2nd period - Shot Misses the Net.
16:36 of 2nd period - Slapshot by Jarkko Ruutu.
16:36 of 2nd period - Goal by Jarkko Ruutu - Avalanche : 1 - Nordiques : 1.
16:37 of 2nd period - Mike Comrie wins face-off versus Saku Koivu in neutral zone.
16:40 of 2nd period - Minor Penalty to Mike Comrie for Roughing.
16:41 of 2nd period - Saku Koivu wins face-off versus Ryan Smyth in Avalanche zone.
16:42 of 2nd period - Wrist shot by Maxim Afinogenov.
16:42 of 2nd period - Shot Blocked by Ryan Smyth.
16:44 of 2nd period - Snap shot by Maxim Afinogenov.
16:44 of 2nd period - Shot Blocked by Scott Hannan.
16:46 of 2nd period - Wrist shot by Maxim Afinogenov.
16:46 of 2nd period - Stopped by Antti Niemi with a rebound.
16:48 of 2nd period - Snap shot by Dany Heatley.
16:48 of 2nd period - Stopped by Antti Niemi with a rebound.
16:50 of 2nd period - Snap shot by Saku Koivu.
16:50 of 2nd period - Deflect By Maxim Afinogenov.
16:50 of 2nd period - Goal by Maxim Afinogenov - Avalanche : 1 - Nordiques : 2.
16:51 of 2nd period - Mike Comrie wins face-off versus Saku Koivu in neutral zone.
16:59 of 2nd period - Backhand shot by Saku Koivu.
16:59 of 2nd period - Shot Misses the Net.
17:01 of 2nd period - Wrist shot by Chris Phillips.
17:01 of 2nd period - Deflect By Maxim Afinogenov.
17:01 of 2nd period - Shot Hit the Post.
17:01 of 2nd period - Puck is out of play.
17:02 of 2nd period - Mike Comrie wins face-off versus Saku Koivu in Avalanche zone.
17:02 of 2nd period - Mike Comrie is hit by Saku Koivu.
17:11 of 2nd period - Icing by Chris Phillips.
17:12 of 2nd period - Saku Koivu wins face-off versus Mike Comrie in Nordiques zone.
17:31 of 2nd period - Wrist shot by Saku Koivu.
17:31 of 2nd period - Stopped by Antti Niemi without a rebound.
17:32 of 2nd period - Jeremy Roenick wins face-off versus Stephen Weiss in Avalanche zone.
18:26 of 2nd period - Snap shot by Kris Vernarsky.
18:26 of 2nd period - Stopped by Antti Niemi without a rebound.
18:27 of 2nd period - Mike Comrie wins face-off versus Stephen Weiss in Avalanche zone.
19:24 of 2nd period - Icing by Curtis Glencross.
19:25 of 2nd period - Éric Perrin wins face-off versus Stephen Weiss in Avalanche zone.
19:39 of 2nd period - Snap shot by Martin Lapointe.
19:39 of 2nd period - Shot Misses the Net.
19:41 of 2nd period - Wrist shot by Martin Lapointe.
19:41 of 2nd period - Shot Misses the Net.
19:43 of 2nd period - Slapshot by Scott Hannan.
19:43 of 2nd period - Stopped by John Grahame with a rebound.
19:45 of 2nd period - Slapshot by Frantisek Kaberle.
19:45 of 2nd period - Stopped by John Grahame with a rebound.
19:47 of 2nd period - Snap shot by Frantisek Kaberle.
19:47 of 2nd period - Goal by Frantisek Kaberle - Avalanche : 2 - Nordiques : 2.
19:48 of 2nd period - Mike Comrie wins face-off versus Saku Koivu in neutral zone.
3rd period
0:01 of 3rd period - Saku Koivu wins face-off versus Mike Comrie in neutral zone.
0:01 of 3rd period - Danny Richmond is hit by Ryan Smyth.
0:05 of 3rd period - Snap shot by Maxim Afinogenov.
0:05 of 3rd period - Shot Misses the Net.
0:07 of 3rd period - Slapshot by Chris Phillips.
0:07 of 3rd period - Shot Blocked by Scott Hannan.
0:10 of 3rd period - Minor Penalty to Saku Koivu for Hooking.
0:11 of 3rd period - Rene Bourque wins face-off versus Ryan Smyth in Nordiques zone.
0:20 of 3rd period - Dany Heatley is hit by Jason Pominville and loses puck.
0:37 of 3rd period - Ian Moran is hit by Rostislav Olesz and loses puck.
2:10 of 3rd period - Penalty to Saku Koivu is over, Saku Koivu is back on ice.
2:59 of 3rd period - Icing by Ossi Vaananen.
3:00 of 3rd period - Jeremy Roenick wins face-off versus Valeri Bure in Avalanche zone.
3:04 of 3rd period - Off-side.
3:05 of 3rd period - Stephen Weiss wins face-off versus Mike Comrie in neutral zone.
3:05 of 3rd period - Minor Penalty to Jason Pominville for Roughing.
3:06 of 3rd period - Rod Brind'Amour wins face-off versus Saku Koivu in Avalanche zone.
3:06 of 3rd period - Rod Brind'Amour is hit by Danny Richmond.
3:20 of 3rd period - Ossi Vaananen is hit by Maxim Afinogenov and loses puck.
3:37 of 3rd period - Wrist shot by Danny Richmond.
3:37 of 3rd period - Stopped by Antti Niemi without a rebound.
3:38 of 3rd period - Chuck Kobasew wins face-off versus Saku Koivu in Avalanche zone.
5:05 of 3rd period - Penalty to Jason Pominville is over, Jason Pominville is back on ice.
6:13 of 3rd period - Jiri Slegr is hit by Bobby Ryan and loses puck.
8:00 of 3rd period - Ossi Vaananen is hit by Maxim Afinogenov and loses puck.
8:11 of 3rd period - Martin Lapointe is hit by Mike Cammalleri and loses puck.
9:28 of 3rd period - Matt Pettinger is hit by Mike Comrie and loses puck.
9:39 of 3rd period - Wrist shot by Jason Pominville.
9:39 of 3rd period - Shot Misses the Net.
9:45 of 3rd period - Wrist shot by Ryan Smyth.
9:45 of 3rd period - Shot Misses the Net.
9:51 of 3rd period - Chris Phillips is hit by Mike Comrie and loses puck.
10:10 of 3rd period - Snap shot by Matt Pettinger.
10:10 of 3rd period - Stopped by Antti Niemi without a rebound.
10:11 of 3rd period - Jeremy Roenick wins face-off versus Maxim Afinogenov in Avalanche zone.
10:11 of 3rd period - Jeremy Roenick is hit by Maxim Afinogenov.
10:12 of 3rd period - Minor Penalty to Dany Heatley for High sticking.
10:13 of 3rd period - Éric Perrin wins face-off versus Saku Koivu in Nordiques zone.
10:28 of 3rd period - Rene Bourque is hit by Rostislav Olesz and loses puck.
11:25 of 3rd period - Alexei Ponikarovsky is hit by Jeremy Roenick and loses puck.
12:12 of 3rd period - Penalty to Dany Heatley is over, Dany Heatley is back on ice.
12:14 of 3rd period - Slapshot by Jiri Slegr.
12:14 of 3rd period - Shot Blocked by Rod Brind'Amour.
12:35 of 3rd period - Off-side.
12:36 of 3rd period - Jeremy Roenick wins face-off versus Stephen Weiss in neutral zone.
12:36 of 3rd period - Curtis Glencross is hit by Rene Bourque and loses puck.
13:03 of 3rd period - Slapshot by Ian Moran.
13:03 of 3rd period - Shot Blocked by Rod Brind'Amour.
13:13 of 3rd period - Snap shot by Rod Brind'Amour.
13:13 of 3rd period - Shot Blocked by Cory Sarich.
13:15 of 3rd period - Slapshot by Chuck Kobasew.
13:15 of 3rd period - Shot Misses the Net.
13:25 of 3rd period - Saku Koivu is hit by Ryan Smyth and loses puck.
13:32 of 3rd period - Wrist shot by Mike Comrie.
13:32 of 3rd period - Shot Misses the Net.
13:46 of 3rd period - Slapshot by Matt Pettinger.
13:46 of 3rd period - Goal by Matt Pettinger - Avalanche : 2 - Nordiques : 3.
13:47 of 3rd period - Stephen Weiss wins face-off versus Mike Comrie in neutral zone.
14:13 of 3rd period - Minor Penalty to Rostislav Olesz for Interference.
14:14 of 3rd period - Rod Brind'Amour wins face-off versus Saku Koivu in Avalanche zone.
15:50 of 3rd period - Marc Staal is hit by Dany Heatley and loses puck.
16:13 of 3rd period - Penalty to Rostislav Olesz is over, Rostislav Olesz is back on ice.
16:28 of 3rd period - Bobby Ryan is hit by Valeri Bure and loses puck.
17:37 of 3rd period - Minor Penalty to Mike Rathje for Goalie Interference.
17:38 of 3rd period - Saku Koivu wins face-off versus Rod Brind'Amour in Avalanche zone.
18:47 of 3rd period - Ryan Smyth is hit by Rene Bourque and loses puck.
19:37 of 3rd period - Penalty to Mike Rathje is over, Mike Rathje is back on ice.
19:41 of 3rd period - Avalanche, Antti Niemi is pulled from the net.
19:41 of 3rd period - Snap shot by Marc Staal.
19:41 of 3rd period - Stopped by John Grahame without a rebound.
19:42 of 3rd period - Patrick Roy call a timeout for Avalanche.
19:42 of 3rd period - Jeremy Roenick wins face-off versus Dave Scatchard in Nordiques zone.
19:43 of 3rd period - Wrist shot by Ryan Smyth.
19:43 of 3rd period - Shot Misses the Net.
19:45 of 3rd period - Slapshot by Marc Staal.
19:45 of 3rd period - Shot Blocked by Danny Richmond.
19:47 of 3rd period - Snap shot by Ryan Smyth.
19:47 of 3rd period - Shot Blocked by Mattias Weinhandl.
19:49 of 3rd period - Snap shot by Ryan Smyth.
19:49 of 3rd period - Stopped by John Grahame with a rebound.
19:51 of 3rd period - Snap shot by Marc Staal.
19:51 of 3rd period - Deflect By Jeremy Roenick.
19:51 of 3rd period - Stopped by John Grahame with a rebound.
19:53 of 3rd period - Snap shot by Ryan Smyth.
19:53 of 3rd period - Stopped by John Grahame without a rebound.
19:54 of 3rd period - Saku Koivu wins face-off versus Jeremy Roenick in Nordiques zone.
Output by the SimonT Hockey Simulator (STHS) for François Prévost -- Original Page W3C XHTML 1.0 Valid